 Dungeon Crawl Stone Soup version 0.22.0-38-g04b72b8 (webtiles) character file.

114 HarryHood the Cudgeler (level 4, -2/41 HPs)
             Began as a Minotaur Berserker on Aug 30, 2018.
             Was a Believer of Trog.
             Killed from afar by an orc wizard (4 damage)
             ... with a magic dart
             ... on level 2 of the Dungeon.
             The game lasted 00:07:28 (2210 turns).

HarryHood the Cudgeler (Minotaur Berserker)         Turns: 2210, Time: 00:07:28

Health: -2/41      AC:  3    Str: 22    XL:     4   Next: 66%
Magic:  3/3        EV: 12    Int:  4    God:    Trog [**....]
Gold:   66         SH:  0    Dex: 10    Spells: 3/3 levels left

rFire    . . .     SeeInvis .   a - +1 flail
rCold    . . .     Gourm    .   (no shield)
rNeg     . . .     Faith    .   k - +0 leather armour (curse)
rPois    .         Spirit   .   (helmet restricted)
rElec    .         Reflect  .   (no cloak)
rCorr    .         Harm     .   (no gloves)
MR       .....                  (no boots)
Stlth    +.........             (no amulet)
HPRegen  0.13/turn              (no ring)
MPRegen  0.08/turn              (no ring)

@: no status effects
A: retaliatory headbutt, horns 2
a: Berserk, Trog's Hand, Renounce Religion


You were on level 2 of the Dungeon.
You worshipped Trog.
Trog was pleased with you.
You were not hungry.

You visited 1 branch of the dungeon, and saw 3 of its levels.

You collected 66 gold pieces.

Inventory:

Hand Weapons
 a - a +1 flail (weapon)
 b - a +0 hunting sling
Missiles
 e - 79 stones (quivered)
Armour
 k - a cursed +0 leather armour (worn)
 n - a +0 scale mail
Jewellery
 g - an uncursed ring of wizardry {unknown}
 m - a +2 amulet of reflection {unknown}
Scrolls
 o - 3 scrolls of enchant armour
Potions
 f - 2 potions of heal wounds {@q1}
 h - a potion of flight
 i - 3 potions of curing {@q2}
 j - a potion of lignification {!q}
 l - a potion of ambrosia
 p - a potion of invisibility
Comestibles
 c - 6 rations {@e1}


   Skills:
 * Level 4.5 Fighting
 - Level 6.0 Maces & Flails
 - Level 2.4 Armour
 - Level 2.1 Dodging


You had 3 spell levels left.
You didn't know any spells.
Your spell library was empty.

Dungeon Overview and Level Annotations

Branches:
Dungeon (3/15)

Altars:
Cheibriados


Innate Abilities, Weirdness & Mutations

You reflexively headbutt those who attack you in melee.
You have a pair of horns on your head.


Message History

The orc wizard flickers and vanishes!
Deactivating autopickup; reactivate with Ctrl-A.
You sock the orc!
You kill the orc!
Trog accepts your kill. Something hits you.
* * * LOW HITPOINT WARNING * * *
You take 1 damage, and have 3/41 hp.
Something hits you but does no damage.
You miss something. Something hits you.
* * * LOW HITPOINT WARNING * * *
You take 1 damage, and have 2/41 hp.
You hit something. Something hits you.
* * * LOW HITPOINT WARNING * * *
You take 1 damage, and have 1/41 hp.
You thump something! Your headbutt misses something.
You hear some strange, mumbled words.
A magic dart appears from out of thin air!
The magic dart hits you!
You die...

#.##.######)#...#.#
............#...#.# ##########
.(.#.#####..#.#.#.# #.........
.#.#.# #..#.#.#.# #.#######.
.#.#.# #..#.#...# #.#######.
.#.#.# #..#.#...# #.##......
.#.#.# #..#.#...# #.##......
.#.#.# #..#.#.{)# #.##......
.#.#.# ###..#...@># #.##......
.#.#.# #....##.#########.##......
.#.#.# #.#...............##......
.#.#.# #.#.............##########
.#.#.# #.#.###.#######.....#
.#.#.###.#.###.###########.######
.#.....#.#.......................
.#.#.#<#.#####.............######
.#.#.#.#.##......................


There were no monsters in sight!

Vanquished Creatures
  4 gnolls (D:2)
  2 adders (D:2)
  An ooze (D:2)
  2 worms (D:2)
  A dart slug (D:1)
  A leopard gecko (D:1)
  An orc (D:2)
  2 bats (D:2)
  4 giant cockroaches
  4 goblins
  10 hobgoblins
  A quokka (D:2)
  A ball python (D:2)
  A frilled lizard (D:1)
  4 kobolds
  6 rats
45 creatures vanquished.

Notes
Turn   | Place    | Note
-------+----------+-------------------------------------------
     0 | D:1      | HarryHood the Minotaur Berserker began the quest for the Orb.
     0 | D:1      | Reached XP level 1. HP: 19/19 MP: 0/0
   141 | D:1      | Reached skill level 4 in Maces & Flails
   362 | D:1      | Reached XP level 2. HP: 26/26 MP: 1/1
   486 | D:1      | Found a snail-covered altar of Cheibriados.
   909 | D:2      | Reached skill level 5 in Maces & Flails
   923 | D:2      | Reached XP level 3. HP: 23/31 MP: 2/2
   989 | D:2      | Reached ** piety under Trog
  1378 | D:2      | Reached skill level 6 in Maces & Flails
  1378 | D:2      | Reached XP level 4. HP: 27/39 MP: 3/3
  1386 | D:2      | Reached skill level 4 in Fighting
  2202 | D:3      | HP: 3/41 [orc wizard/puff of flame (4)]
  2208 | D:2      | HP: 2/41 [something (1)]
  2210 | D:2      | Killed from afar by an orc wizard

Skill      XL: |  1  2  3  4 |
---------------+-------------+-----
Maces & Flails | 4 5 6 |  6.0
Fighting       | 4 |  4.5
Armour         | |  2.4
Dodging        | |  2.1

Action                   |  1- 3 |  4- 6 || total
-------------------------+-------+-------++-------
Melee: Mace              |    77 |    10 ||    87
       Headbutt          |     8 |     4 ||    12
       Flail             |       |    21 ||    21
  Use: Scroll            |     8 |     3 ||    11
  Eat: Chunk             |     1 |     3 ||     4
Armor: Animal skin       |     8 |       ||     8
       Leather armour    |       |     3 ||     3
Dodge: Dodged            |    38 |    20 ||    58
